 Dungeon Crawl Stone Soup version 0.29-a0-392-g297d3b089c (webtiles) character file.

Game seed: 14039438596513672358

522 quokkamancerX the Digger (level 7, 0/36 HPs)
             Began as a Gargoyle Earth Elementalist on May 8, 2022.
             Was an Initiate of Gozag.
             Slain by a scorpion (6 damage)
             ... on level 4 of the Dungeon.
             The game lasted 00:23:44 (4816 turns).

quokkamancerX the Digger (GrEE)                     Turns: 4816, Time: 00:23:44

Health: 0/36       AC:  8    Str: 12    XL:     7   Next: 22%
Magic:  4/14       EV: 12    Int: 17    God:    Gozag
Gold:   72         SH:  0    Dex: 16    Spells: 10/16 levels left

rFire   . . .      SeeInvis .   B - +2 quarterstaff (chaos)
rCold   . . .      Faith    .   (shield currently unavailable)
rNeg    + . .      Spirit   .   d - +0 robe
rPois   ∞          Reflect  .   (no helmet)
rElec   +          Harm     .   y - +0 cloak
rCorr   .          Rampage  .   q - +0 pair of gloves
Will    .....                   (no boots)
Stlth   ++........              j - amulet of the acrobat
HPRegen 0.12/turn               e - ring of wizardry
MPRegen 0.14/turn               m - +6 ring of dexterity

@: gold aura
A: sickness immunity, AC +4, negative energy resistance 1, electricity
resistance, torment resistance 1, petrification resistance
a: Renounce Religion, Potion Petition, Call Merchant, Bribe Branch


You were on level 4 of the Dungeon.
You worshipped Gozag.
Gozag was noncommittal.
You visited 1 branch of the dungeon, and saw 5 of its levels.

You collected 302 gold pieces.
You spent 143 gold pieces at shops.
You paid 87 gold pieces to Gozag.

Inventory:

Hand Weapons
 B - a +2 quarterstaff of chaos (weapon)
Missiles
 a - 86 stones
 o - 3 javelins
Armour
 d - a +0 robe (worn)
 p - a +0 kite shield
 q - a +0 pair of gloves (worn)
 y - a +0 cloak (worn)
Jewellery
 e - a ring of wizardry (left hand)
 j - an amulet of the acrobat (around neck)
 m - a +6 ring of dexterity (right hand)
Scrolls
 f - a scroll of brand weapon
 i - a scroll of fear {unknown}
 k - a scroll of poison
 n - a scroll of teleportation {unknown}
 s - 3 scrolls of magic mapping
 w - a scroll of enchant weapon
 x - a scroll of amnesia {unknown}
Potions
 c - a potion of magic
 g - a potion of haste
 h - a potion of might
 l - a potion of flight
 r - a potion of invisibility
 t - 3 potions of brilliance
 u - 2 potions of curing
 v - a potion of heal wounds
 z - a potion of cancellation {unknown}
 A - a potion of lignification {unknown}


   Skills:
 - Level 1.5 Dodging
 - Level 2.1 Stealth
 + Level 5.1 Spellcasting
 - Level 0.7 Transmutations
 + Level 7.2 Earth Magic


You had 10 spell levels left.
You knew the following spells:

 Your Spells              Type           Power      Damage    Failure   Level
a - Sandblast             Erth           58%        2d13      1%          1
b - Passwall              Tmut/Erth      15%        N/A       1%          2
c - Stone Arrow           Conj/Erth      32%        3d9       4%          3

Your spell library contained the following spells:

 Spells                   Type           Power      Damage    Failure   Level
 Petrify                  Tmut/Erth      18%        N/A       11%         4
 Tukima's Dance           Hex            4%         N/A       16%         3
 Passage of Golubria      Tloc           4%         N/A       45%         4
 Yara's Violent Unravell  Hex/Tmut       2%         3d3       77%         5


Dungeon Overview and Level Annotations

Branches:
Dungeon (5/15)
 Temple: D:4-7

Altars:
Gozag

Shops:
D:3 !


Innate Abilities, Weirdness & Mutations

You are immune to sickness and miasma.
Your stone body is resilient. (AC +4)
You are immune to poison.
You resist negative energy. (rN+)
You are resistant to electric shocks. (rElec)
You are resistant to unholy torment.
You are immune to petrification.


Message History

The blast of sand hits the adder.
You kill the adder!
Something stings you but does no damage. x2
Casting: Sandblast (safe; 1% risk of failure)
Confirm with . or Enter, or press ? or * to list all spells.
You can't see any susceptible monsters within range! (Use Z to cast anyway.)
Casting: Sandblast (safe; 1% risk of failure)
Confirm with . or Enter, or press ? or * to list all spells.
You don't know that spell.
Casting: Sandblast (safe; 1% risk of failure)
Confirm with . or Enter, or press ? or * to list all spells.
Aiming: Sandblast (safe; 1% risk of failure)
Press: ? - help, Shift-Dir - straight line The blast of sand hits something but does no damage.
Something barely misses you.
Casting: Sandblast (safe; 1% risk of failure)
Confirm with . or Enter, or press ? or * to list all spells.
Aiming: Sandblast (safe; 1% risk of failure)
Press: ? - help, Shift-Dir - straight line Something stings you but does no damage.
Casting: Sandblast (safe; 1% risk of failure)
Confirm with . or Enter, or press ? or * to list all spells.
Aiming: Sandblast (safe; 1% risk of failure)
Press: ? - help, Shift-Dir - straight line The blast of sand hits something but does no damage.
Something stings you.
You closely miss something. Something stings you.
* * * LOW HITPOINT WARNING * * *
Something barely misses you.
Okay, then.
You can't see any enemies this would affect, really read the scroll of poison?
Uppercase [Y]es or [N]o only, please.
You can't see any enemies this would affect, really read the scroll of poison?
The air fills with toxic fumes!
As you read the scroll of poison, it crumbles to dust.
Something stings you.
* * * LOW HITPOINT WARNING * * *
Something stings you.
You die...
Your body crumbles into a pile of gold.

####'#...................
#§§§§§§§§§§§.§§§....#....
######§§§§§§§§§§..§§§....#....
#.....§§§§§§§§§§.§§§§....#....
#.....§§§§§§§§§#§§§§§...##....
#.....§§§§§§§§§#§§§####.##...#
#....<§§§§§§§§§§§.§§§<...'...'
##..#####§§§§§§§#§§§§§.#.##...#
#....# #§§§§§@{§§§§§§.'.......
#....# #§§§§####§##§§.#.#.....
#...## #§§§...........#'#.....
##.## #§#.#'#................
#.## #......................
##.# #...........#.....#....
#.## ##......#'##......##...
##.# #.......#.##......##...
##'## #.......#'##...........


There were no monsters in sight!

Vanquished Creatures
  A phantom (D:4)
  A scorpion (D:4)
  A vampire bat (D:3)
  A hound (D:4)
  A jelly (D:3)
  Crazy Yiuf (D:4)
  An orc priest (D:3)
  2 iguanas
  An orc wizard (D:3)
  4 adders
  2 ufetubi (D:4)
  3 dart slugs (D:2)
  4 orcs
  8 ball pythons
  13 bats
  14 endoplasms
  4 giant cockroaches
  5 goblins
  10 hobgoblins
  4 jackals (D:2)
  8 kobolds
  7 quokkas
  2 frilled lizards (D:1)
  4 rats
102 creatures vanquished.

Notes
Turn   | Place    | Note
-------+----------+-------------------------------------------
     0 | D:1      | quokkamancerX the Gargoyle Earth Elementalist began the
                  | quest for the Orb.
     0 | D:1      | Reached XP level 1. HP: 10/10 MP: 3/3
     0 | D:1      | Upgraded the game from 0.29-a0-384-g6960b1960d to
                  | 0.29-a0-392-g297d3b089c
   299 | D:1      | Reached skill level 4 in Earth Magic
   299 | D:1      | Reached XP level 2. HP: 15/15 MP: 5/5
   821 | D:1      | Reached XP level 3. HP: 16/19 MP: 6/6
  1581 | D:2      | Reached XP level 4. HP: 24/24 MP: 8/8
  1785 | D:3      | Reached skill level 5 in Earth Magic
  1794 | D:3      | HP: 1/24 [bat (1)]
  1795 | D:3      | Reached XP level 5. HP: 2/28 MP: 2/10
  1825 | D:3      | HP: 1/28 [kobold/+0 short sword (3)]
  2710 | D:3      | Reached skill level 6 in Earth Magic
  2926 | D:3      | Found a faded altar of an unknown god.
  2949 | D:3      | Found Yfeu's Distillery.
  3014 | D:3      | Bought a potion of curing for 39 gold pieces
  3014 | D:3      | Bought a potion of curing for 39 gold pieces
  3014 | D:3      | Bought a potion of heal wounds for 65 gold pieces
  3071 | D:3      | Reached XP level 6. HP: 32/32 MP: 12/12
  3515 | D:4      | Learned a level 2 spell: Passwall
  3519 | D:4      | Learned a level 3 spell: Stone Arrow
  3776 | D:4      | Identified the +0 scythe "Yxaves" {vorpal, rPois rC+ rCorr
                  | Dex-3}
  4428 | D:4      | Found an opulent altar of Gozag.
  4444 | D:4      | Became a worshipper of Gozag Ym Sagoz the Greedy
  4547 | D:4      | Found a runed translucent door.
  4548 | D:4      | Noticed Crazy Yiuf
  4555 | D:4      | Killed Crazy Yiuf
  4556 | D:4      | Reached skill level 7 in Earth Magic
  4556 | D:4      | Reached XP level 7. HP: 27/36 MP: 10/14
  4680 | D:5      | Entered Level 5 of the Dungeon
  4711 | D:4      | Reached skill level 5 in Spellcasting
  4816 | D:4      | Slain by a scorpion

Illustrated notes

Levels and vault maps discovered:
D:1:      dpeg_arrival_erosion, layout_basic
D:2:      layout_rooms
D:3:      layout_basic, hellmonk_ecumenical_altar_inner_sanctum, serial_shops,
          shop, grunt_ministairs_1, kennysheep_big_empty_room, roderic_batcave
D:4:      minmay_octagon_keep, layout_basic, grunt_gozag_breadcrumbs,
          uniq_crazy_yiuf_cottage
D:5:      layout_gridville, minmay_a_box_with_orc_wizards_in_it, uniq_menkaure

Skill      XL: |  1  2  3  4  5  6  7 |
---------------+----------------------+-----
Earth Magic    | 4 5 6 7 |  7.2
Spellcasting   | 3 4 5 |  5.1
Dodging        | |  1.5
Stealth        | |  2.1
Transmutations | |  0.7

Action                   |  1- 3 |  4- 6 |  7- 9 || total
-------------------------+-------+-------+-------++-------
Melee: Trident           |   116 |   183 |       ||   299
       Punch             |     1 |     1 |       ||     2
       Quarterstaff      |       |       |     7 ||     7
 Cast: Sandblast         |     4 |    37 |    17 ||    58
  Use: Scroll            |       |     9 |     1 ||    10
 Stab: Sleeping          |     2 |     7 |       ||     9
Armor: Robe              |    28 |   113 |    17 ||   158
Dodge: Dodged            |    62 |   222 |    17 ||   301

Table legend: (Time is in decaauts)
 A = Elapsed time spent in this place.
 B = Non-inter-level travel time spent in this place.
 C = Inter-level travel time spent in this place.
 D = Time resting spent in this place.
 E = Time spent auto-exploring this place.
 F = Levels seen in this place.
 G = Mean time per level.
                   A        B        C        D        E       F      G
               +--------+--------+--------+--------+--------+-----+--------+
         Total |   4910 |   4748 |    162 |    981 |   2041 |   5 |  982.0 |
       Dungeon |   4910 |   4748 |    162 |    981 |   2041 |   5 |  982.0 |
               +--------+--------+--------+--------+--------+-----+--------+

Top non-repeatable levels by time:
     D:4: 1463 daAuts
     D:3: 1427 daAuts
     D:1: 1142 daAuts
     D:2: 837 daAuts
     D:5: 40 daAuts
